Map: 16-Bit LE

Players

pta

  • Race: Zerg Zerg
  • Spawn Location: 1:00

A.I. 1 (Very Hard) - Winner!

  • Race: Terran Terran
  • Spawn Location: 7:00

VOD

Have the link to the VOD?

Description

Time

  • Played on: May 1, 2019, 5:14 p.m.
  • Length: 20:21
Show
View Real Time Build Order
Export as new Build Order

pta Zerg 

Build Orders: Pool First, Lurkers 

Get SALT Encoding   

  12  0:02  Drone  
  13  0:25  Spawning Pool  
  13  0:27  Drone  
  13  0:31  Drone  
  14  0:43  Extractor  
  14  0:45  Extractor  
  14  0:46  Drone x2  
  16  1:20  Roach Warren  
  16  1:23  Extractor, Hatchery  
  16  1:25  Extractor  
  12  1:29  Overlord  
  12  1:35  Drone  
  12  1:38  Drone  
  14  1:57  Queen  
  16  2:03  Drone  
  17  2:10  Drone  
  18  2:16  Drone  
  18  2:22  Drone  
  20  2:43  Drone  
  21  2:51  Drone x3  
  24  3:02  Spine Crawler  
  23  3:10  Lair  
  23  3:18  Overlord  
  23  3:21  Drone  
  23  3:25  Drone  
  25  3:28  Drone  
  25  3:32  Drone  
  27  3:45  Overlord  
  27  3:48  Roach x2  
  29  3:51  Drone  
  29  3:55  Roach  
  34  4:09  Spine Crawler  
  33  4:11  Roach x2  
  37  4:20  Roach x2  
  41  4:39  Spine Crawler  
  41  4:40  Spine Crawler  
  39  4:49  Glial Reconstitution  
  39  4:54  Drone x3  
  42  5:08  Hatchery  
  42  5:11  Extractor  
  42  5:12  Extractor  
  39  5:18  Roach  
  39  5:19  Roach  
  43  5:25  Drone  
  44  5:29  Overlord  
  44  5:35  Overlord  
  44  5:47  Evolution Chamber  
  43  5:53  Drone x4  
  43  5:56  Drone  
  48  5:59  Drone  
  48  6:02  Drone  
  50  6:14  Zerg Ground Armor Level 1  
  50  6:23  Roach x2  
  54  6:28  Roach x2  
  54  6:30  Roach  
  60  6:33  Roach  
  60  6:36  Roach  
  64  6:40  Roach  
  64  6:45  Overlord  
  66  6:48  Overlord  
  66  7:02  Spine Crawler  
  66  7:04  Spine Crawler  
  66  7:06  Drone  
  66  7:08  Spine Crawler, Drone  
  65  7:10  Drone  
  65  7:12  Drone  
  67  7:16  Drone  
  67  7:17  Drone  
  69  7:22  Overseer  
  69  7:36  Drone x3  
  72  7:43  Roach x3  
  72  7:44  Roach x2  
  82  7:58  Hydralisk Den  
  81  7:59  Drone  
  81  8:00  Overlord  
  66  8:47  Roach  
  66  8:48  Roach x8  
  66  8:57  Spine Crawler  
  66  8:59  Spine Crawler  
  66  9:02  Spine Crawler  
  63  9:06  Drone  
  63  9:07  Spine Crawler  
  63  9:08  Spine Crawler  
  62  9:16  Queen  
  64  9:19  Roach x2  
  68  9:27  Zerg Ground Armor Level 2  
  68  9:42  Roach x6  
  68  9:43  Roach x5  
  90  9:47  Grooved Spines  
  90  9:52  Overlord  
  90  10:00  Overlord  
  90  10:13  Hydralisk x2  
  90  10:14  Hydralisk x2  
  92  10:18  Hydralisk  
  92  10:19  Hydralisk x2  
  104  10:21  Hydralisk  
  106  10:39  Overseer  
  106  10:59  Muscular Augments  
  106  11:16  Evolution Chamber  
  106  11:18  Evolution Chamber, Drone x2  
  106  11:19  Overlord x2  
  106  11:23  Overlord x2  
  106  11:29  Extractor  
  106  11:31  Extractor  
  104  11:41  Drone x2  
  106  11:50  Zerg Missile Weapons Level 1  
  106  11:52  Zerg Melee Weapons Level 1  
  106  11:55  Metabolic Boost  
  106  11:58  Drone x3  
  109  12:07  Lurker Den  
  108  12:23  Drone x3  
  111  12:34  Drone x3  
  111  12:36  Overlord x2  
  111  12:37  Overlord, Spore Crawler  
  114  12:38  Spore Crawler  
  114  12:39  Spore Crawler  
  111  12:46  Hydralisk  
  111  12:47  Hydralisk x3  
  111  12:48  Hydralisk x4  
  127  13:05  Drone  
  128  13:09  Infestation Pit  
  127  13:15  Drone  
  127  13:16  Drone x4  
  127  13:19  Overlord x3  
  132  13:35  Lurker x4  
  136  13:50  Hydralisk x3  
  136  13:51  Hydralisk x5  
  136  13:55  Overlord x3  
  152  14:00  Zerg Missile Weapons Level 2  
  152  14:07  Drone  
  73  15:27  Hydralisk x3  
  73  15:28  Hydralisk x5  
  81  15:29  Hydralisk x2  
  81  15:31  Roach x2  
  81  15:32  Roach x6  
  81  15:33  Roach x2  
  81  15:34  Zergling x4  
  81  15:35  Zergling x4  
  117  15:36  Zergling x2  
  118  15:56  Hive  
  118  16:03  Spire  
  117  16:06  Drone x2  
  117  16:08  Drone x3  
  117  16:09  Queen  
  124  16:25  Drone x2  
  126  16:33  Drone x2  
  126  16:37  Lurker x2  
  130  16:53  Overlord x2  
  130  16:56  Overseer x2  
  130  17:14  Pneumatized Carapace  
  130  17:22  Drone x2  
  132  17:30  Drone  
  85  18:02  Zergling x16  
  85  18:03  Zergling x22  
  85  18:04  Zergling x20  
  56  18:43  Hydralisk x5  
  56  18:44  Hydralisk x8  
  56  18:45  Hydralisk x3  
  42  19:24  Roach x7  
  42  19:25  Roach x4  
  60  19:51  Zergling x10  
  60  19:52  Roach x4  
Show
View Real Time Build Order
Export as new Build Order

A.I. 1 (Very Hard) Terran - Winner!

Build Orders:  

Get SALT Encoding   

  12  0:00  SCV  
  13  0:13  SCV  
  14  0:19  Supply Depot  
  14  0:25  SCV  
  15  0:31  Refinery  
  15  0:41  SCV  
  16  0:48  Barracks  
  16  0:53  SCV  
  17  1:05  SCV  
  18  1:17  SCV  
  19  1:36  Marine  
  19  1:39  Supply Depot, Orbital Command  
  20  1:41  Factory  
  20  1:52  Barracks  
  20  1:55  Marine  
  21  2:04  SCV  
  22  2:13  Barracks Tech Lab  
  22  2:16  SCV  
  22  2:22  Supply Depot  
  23  2:25  Hellion  
  25  2:31  Concussive Shells  
  25  2:32  Marauder  
  27  2:40  Barracks Tech Lab  
  27  2:46  Hellion  
  27  2:49  SCV  
  30  2:53  Marauder  
  34  2:58  Marauder  
  34  3:00  Supply Depot  
  34  3:07  Hellion  
  36  3:14  Marauder  
  38  3:22  Marauder  
  38  3:26  Supply Depot  
  40  3:29  Hellion  
  42  3:36  Marauder  
  42  3:37  SCV  
  45  3:43  Marine  
  45  3:44  Stimpack  
  46  3:50  Refinery  
  46  3:57  Marine  
  46  4:01  Marine  
  48  4:05  Supply Depot  
  48  4:13  SCV  
  48  4:14  Marine  
  50  4:19  Marine  
  51  4:25  SCV  
  52  4:32  Marine  
  52  4:36  Marine  
  52  4:37  SCV  
  55  4:39  Barracks  
  55  4:42  Supply Depot  
  55  4:51  Marauder  
  57  4:54  Marine  
  58  5:03  Command Center  
  58  5:11  Marine  
  58  5:13  Marauder  
  61  5:27  Barracks Reactor  
  61  5:29  Factory Tech Lab, Marine  
  61  5:34  Marauder  
  64  5:39  Supply Depot  
  64  5:47  Marine  
  65  5:51  Siege Tank  
  65  5:55  Marine  
  69  6:02  Supply Depot  
  69  6:05  Marauder  
  69  6:06  Combat Shield  
  71  6:14  Engineering Bay  
  71  6:23  Siege Tank  
  71  6:24  SCV  
  75  6:28  SCV  
  76  6:36  SCV  
  77  6:40  SCV, Terran Infantry Weapons Level 1  
  78  6:48  SCV  
  78  6:52  SCV  
  80  6:55  Siege Tank  
  80  7:00  SCV  
  84  7:04  SCV  
  84  7:05  Engineering Bay  
  85  7:13  SCV  
  85  7:15  Refinery  
  86  7:16  SCV  
  86  7:20  Supply Depot  
  87  7:23  Armory  
  87  7:25  SCV  
  87  7:27  Siege Tank  
  91  7:30  SCV  
  91  7:31  Terran Infantry Armor Level 1  
  93  7:37  SCV  
  93  7:42  SCV  
  94  7:49  SCV  
  94  7:51  Refinery  
  95  7:54  SCV  
  96  8:01  SCV  
  97  8:06  SCV  
  97  8:07  Armory  
  97  8:09  Supply Depot  
  97  8:10  Terran Vehicle And Ship Armor Level 1  
  98  8:13  SCV  
  98  8:17  Missile Turret  
  98  8:18  SCV  
  100  8:21  Missile Turret  
  100  8:31  Orbital Command, Barracks  
  97  8:35  Starport  
  97  8:39  Marine x2  
  83  8:41  Marine  
  83  8:43  Marine  
  81  8:56  Marine  
  81  8:59  Marine  
  81  9:00  Marine  
  81  9:01  Marine  
  85  9:08  Siege Tank  
  88  9:14  Command Center  
  88  9:15  Marauder  
  90  9:17  Starport Reactor, Marine  
  91  9:26  Marine  
  91  9:27  Marine  
  91  9:29  Marine  
  94  9:35  Marauder  
  94  9:36  Marine  
  97  9:41  Siege Tank  
  97  9:44  Marine  
  101  9:47  Supply Depot  
  101  9:48  Terran Vehicle Weapons Level 1  
  101  9:49  Marine  
  102  9:53  Medivac  
  102  9:54  Marauder  
  102  9:55  Medivac  
  108  10:01  Terran Infantry Weapons Level 2  
  108  10:07  Missile Turret  
  108  10:14  Widow Mine  
  110  10:15  Supply Depot  
  110  10:23  Medivac  
  110  10:27  SCV  
  114  10:28  SCV  
  114  10:29  Factory  
  114  10:30  SCV  
  114  10:35  Widow Mine  
  117  10:39  SCV  
  117  10:41  SCV  
  119  10:43  SCV  
  119  10:49  Missile Turret  
  120  10:51  SCV  
  120  10:52  Missile Turret  
  120  10:53  SCV  
  120  10:55  SCV  
  120  10:56  Marauder  
  125  11:00  Marauder  
  125  11:03  Medivac, SCV  
  130  11:07  SCV  
  130  11:08  Supply Depot, Orbital Command  
  130  11:10  Marine  
  132  11:11  Marine  
  132  11:12  Marine  
  132  11:15  SCV  
  132  11:17  Marine  
  136  11:18  Viking  
  136  11:20  SCV  
  139  11:26  Marauder  
  139  11:27  SCV  
  139  11:32  SCV  
  143  11:33  Viking  
  143  11:34  Supply Depot  
  143  11:35  Marauder  
  143  11:36  Missile Turret  
  147  11:42  Terran Vehicle Weapons Level 2  
  147  11:48  Viking  
  149  11:54  Hi-Sec Auto Tracking  
  149  12:00  Factory Tech Lab, Starport  
  149  12:03  Viking, Missile Turret  
  149  12:04  Command Center  
  149  12:07  Supply Depot  
  151  12:18  Viking  
  153  12:27  Refinery  
  153  12:31  Supply Depot  
  153  12:33  Viking  
  153  12:35  Marine  
  156  12:37  Refinery, Starport Tech Lab  
  156  12:38  Marine x2  
  156  12:40  Marine  
  156  12:44  Missile Turret  
  159  12:46  Missile Turret  
  159  12:48  Missile Turret  
  159  12:50  Missile Turret  
  159  12:53  Barracks  
  159  12:55  Ghost Academy, Terran Infantry Weapons Level 3, Rapid Reignition System  
  159  12:57  Supply Depot, Raven  
  161  13:00  SCV x2  
  161  13:04  Medivac  
  165  13:16  SCV  
  165  13:17  SCV x3  
  165  13:19  Missile Turret  
  169  13:26  Ghost  
  169  13:29  SCV x2  
  169  13:30  SCV, Missile Turret  
  169  13:32  Barracks Tech Lab, Ghost, Missile Turret  
  176  13:36  Command Center  
  176  13:40  Raven  
  178  13:42  Planetary Fortress  
  178  13:46  Viking  
  180  13:50  Viking, Marauder  
  184  13:56  Marauder, Terran Ship Weapons Level 1  
  184  14:01  Marauder  
  184  14:02  Terran Vehicle Weapons Level 3  
  188  14:13  Marine  
  188  14:14  Marine  
  188  14:15  Marine  
  188  14:16  Marine  
  188  14:17  Marine, Personal Cloaking  
  192  14:19  Refinery  
  192  14:23  Marauder, Refinery  
  188  14:31  Marine  
  188  14:32  Siege Tank x2, Marine  
  188  14:33  Marine  
  188  14:35  Marauder x2  
  172  14:43  Viking  
  172  14:44  Marauder  
  172  14:45  Viking, Missile Turret  
  162  14:49  Marine  
  162  14:50  Refinery, Marine  
  162  14:51  Marine  
  163  14:56  Viking, Marine  
  163  14:57  Marauder  
  159  15:01  Planetary Fortress, Refinery  
  159  15:03  Missile Turret  
  159  15:04  Siege Tank  
  159  15:05  Marauder  
  159  15:06  Missile Turret  
  159  15:07  Marine  
  152  15:08  Marine  
  152  15:09  Marine  
  152  15:11  Siege Tank  
  146  15:14  Marauder  
  146  15:18  Marauder  
  135  15:24  Marine  
  135  15:25  Viking  
  135  15:26  Marine  
  135  15:27  Marauder, Marine  
  135  15:28  Viking  
  142  15:31  Viking  
  142  15:35  Marine  
  145  15:36  Siege Tank  
  145  15:39  Marauder  
  145  15:42  Marine  
  150  15:46  Terran Infantry Armor Level 2  
  150  15:48  Marauder  
  153  15:52  Marine x2  
  153  15:53  Marauder  
  153  15:55  Raven  
  135  15:57  Neosteel Armor  
  159  16:00  Marine  
  159  16:01  Marauder, Command Center  
  162  16:07  Viking  
  162  16:09  Ghost  
  162  16:10  Marine  
  167  16:15  Viking, Marauder  
  171  16:20  Liberator  
  171  16:21  Ghost  
  171  16:25  Liberator  
  173  16:30  Marine  
  173  16:31  Marine  
  175  16:33  Marine  
  175  16:36  Marauder  
  175  16:38  Marine  
  182  16:42  Terran Ship Weapons Level 2  
  182  16:46  Medivac  
  187  16:48  Marine  
  187  16:49  Marine  
  187  16:50  Ghost  
  187  16:53  Marine  
  192  16:54  Nuke  
  192  16:56  Marauder  
  192  16:57  Marine  
  192  17:00  Siege Tank  
  198  17:12  Planetary Fortress  
  198  17:15  Marauder  
  200  17:22  Missile Turret  
  200  17:33  Missile Turret  
  200  17:34  Command Center, Refinery  
  200  17:36  Missile Turret  
  200  17:39  Missile Turret  
  200  17:40  Terran Vehicle And Ship Armor Level 2  
  200  17:46  Marauder  
  200  17:47  Marauder  
  200  17:48  Marauder, Siege Tank  
  200  17:49  Siege Tank  
  200  17:50  Viking, Marine  
  194  17:51  Viking  
  194  17:52  Marine  
  194  17:53  Marine  
  134  18:07  Marine  
  134  18:08  Factory, Infernal Pre-Igniter, Marine  
  134  18:09  Marauder x2  
  134  18:13  Marine x2  
  135  18:21  Hellion, Siege Tank  
  135  18:25  Marine  
  135  18:26  Marauder  
  143  18:30  Marine  
  143  18:31  Marine x3  
  136  18:42  Hellion  
  136  18:43  Marine  
  136  18:46  Marine  
  136  18:47  Planetary Fortress, Marine  
  138  18:49  SCV  
  138  18:51  Widow Mine  
  138  18:53  Hellion  
  143  18:57  Missile Turret  
  143  19:00  Missile Turret  
  143  19:03  Raven  
  143  19:04  Hellion  
  143  19:06  Factory  
  147  19:12  Viking  
  147  19:13  Factory Tech Lab  
  147  19:14  Thor  
  149  19:25  Widow Mine  
  149  19:26  Viking  
  149  19:27  Marine  
  154  19:31  Ghost, Siege Tank  
  154  19:36  Ghost  
  161  19:42  Viking  
  163  19:46  Cyclone  
  163  19:49  Widow Mine  
  163  19:51  Marine x2  
  166  19:53  Marine  
  166  19:56  Marauder  
Tags
 
Composition
Lurkers
Matchup
TvZ
Opening
Pool First
Spawn Locations
Cross Positions
Add a new tag
Caveats
  • Supply blocks, unpowered buildings, or Contaminate may cause inaccurate times.
  • Supply counts are checked every 10 seconds.